ITL
AMARILLO ARCHDUKES @ TUSCALOOSA TROUT SLAYERS
09/22/2027
 
TOP OF THE 1ST
Amarillo Archdukes batting - Pitching for Tuscaloosa Trout Slayers : RHP Fernando Rodríguez
Pitching: RHP Fernando Rodríguez
Batting: LHB Jorge Martínez 0-0: Swinging Strike
0-1: Called Strike
0-2: Ball
1-2: Ball
2-2: Strikes out swinging
Batting: RHB Jorge Espinosa 0-0: Bunt for hit - play at first, batter OUT! 1-3
Batting: LHB Michael Cook 0-0: Called Strike
0-1: SOLO HOME RUN (Flyball, 9LD), Distance : 381 ft
Batting: RHB Norm Francis 0-0: Ball
1-0: Ball
2-0: Called Strike
2-1: DOUBLE (Line Drive, 8LXD)
Batting: LHB Edwin Ryan 0-0: Called Strike
0-1: Ball
1-1: SINGLE (Line Drive, 4MD)
Norm Francis to third
Runner from 3rd tries for Home, SAFE, no throw
Batting: RHB Roberto García 0-0: Called Strike
0-1: Foul Ball, location: 2F
0-2: Foul Ball, location: 2F
0-2: Ball
1-2: Strikes out looking
Top of the 1st over - 2 run(s), 3 hit(s), 0 error(s), 1 left on base; Amarillo 2 - Tuscaloosa 0
BOTTOM OF THE 1ST
Tuscaloosa Trout Slayers batting - Pitching for Amarillo Archdukes : RHP Raymond Gregg
Pitching: RHP Raymond Gregg
Batting: RHB Lowie van den Bogaert 0-0: Foul Ball, location: 2F
0-1: Ball
1-1: Swinging Strike
1-2: Ball
2-2: Ball
3-2: Ground out 6-3 (Groundball, 6)
Batting: RHB Alfredo Díaz 0-0: Called Strike
0-1: Ball
1-1: SOLO HOME RUN (Flyball, 7D), Distance : 348 ft
Batting: LHB Marcos Villarreal 0-0: Ball
1-0: DOUBLE (Line Drive, 9LM)
Batting: LHB António Cedeño 0-0: Called Strike
0-1: Fly out, F8 (Flyball, 8RM)
Batting: LHB Ed Hart 0-0: Ball
1-0: Ground out 6-3 (Groundball, 6)
Bottom of the 1st over - 1 run(s), 2 hit(s), 0 error(s), 1 left on base; Amarillo 2 - Tuscaloosa 1
TOP OF THE 2ND
Amarillo Archdukes batting - Pitching for Tuscaloosa Trout Slayers : RHP Fernando Rodríguez
Batting: LHB Pedro Díaz 0-0: Swinging Strike
0-1: Foul Ball, location: 2F
0-2: Ball
1-2: Strikes out looking
Batting: RHB Herb Bunch 0-0: Ball
1-0: Called Strike
1-1: Fly out, F8 (Flyball, 78S)
Batting: RHB José Ruíz 0-0: Ground out 6-3 (Groundball, 6)
Top of the 2nd over - 0 run(s), 0 hit(s), 0 error(s), 0 left on base; Amarillo 2 - Tuscaloosa 1
BOTTOM OF THE 2ND
Tuscaloosa Trout Slayers batting - Pitching for Amarillo Archdukes : RHP Raymond Gregg
Batting: RHB Jason Saunders 0-0: Called Strike
0-1: Ball
1-1: Foul Ball, location: 2F
1-2: Strikes out swinging
Batting: RHB Dave Hall 0-0: Ball
1-0: Ball
2-0: Foul Ball, location: 2F
2-1: Called Strike
2-2: Strikes out looking
Batting: RHB José Ortega 0-0: Called Strike
0-1: Foul Ball, location: 2F
0-2: Foul Ball, location: 2F
0-2: Ball
1-2: Ball
2-2: Foul Ball, location: 2F
2-2: Reached on error, E3 (Groundball, 34)
Batting: RHB Claudio Gonzáles 0-0: Called Strike
0-1: Called Strike
0-2: Ball
1-2: Ball
2-2: Ball
3-2: Base on Balls
Batting: RHB Lowie van den Bogaert 0-0: Foul Ball, location: 2F
0-1: Swinging Strike
0-2: Foul Ball, location: 2F
0-2: Strikes out swinging
Bottom of the 2nd over - 0 run(s), 0 hit(s), 1 error(s), 2 left on base; Amarillo 2 - Tuscaloosa 1
TOP OF THE 3RD
Amarillo Archdukes batting - Pitching for Tuscaloosa Trout Slayers : RHP Fernando Rodríguez
Batting: LHB Jorge Martínez 0-0: Ball
1-0: Called Strike
1-1: Foul Ball, location: 2F
1-2: Foul Ball, location: 2F
1-2: Ball
2-2: Ground out 4-3 (Groundball, 4)
Batting: RHB Jorge Espinosa 0-0: Called Strike
0-1: Ball
1-1: Ball
2-1: Foul Ball, location: 2F
2-2: Ball
3-2: Foul Ball, location: 2F
3-2: Strikes out swinging
Batting: LHB Michael Cook 0-0: Ball
1-0: Fly out, F7 (Flyball, 7LM)
Top of the 3rd over - 0 run(s), 0 hit(s), 0 error(s), 0 left on base; Amarillo 2 - Tuscaloosa 1
BOTTOM OF THE 3RD
Tuscaloosa Trout Slayers batting - Pitching for Amarillo Archdukes : RHP Raymond Gregg
Batting: RHB Alfredo Díaz 0-0: Called Strike
0-1: Called Strike
0-2: Ground out 6-3 (Groundball, 6)
Batting: LHB Marcos Villarreal 0-0: Ball
1-0: Ball
2-0: Called Strike
2-1: Ball
3-1: Foul Ball, location: 2F
3-2: Ground out U3 (Groundball, 34)
Batting: LHB António Cedeño 0-0: Ball
1-0: Called Strike
1-1: Swinging Strike
1-2: Foul Ball, location: 2F
1-2: Foul Ball, location: 2F
1-2: Ball
2-2: SOLO HOME RUN (Flyball, 89XD), Distance : 413 ft
Batting: LHB Ed Hart 0-0: Ball
1-0: Foul Ball, location: 2F
1-1: Called Strike
1-2: Foul Ball, location: 2F
1-2: Foul Ball, location: 2F
1-2: Fly out, F6 (Line Drive, 6)
Bottom of the 3rd over - 1 run(s), 1 hit(s), 0 error(s), 0 left on base; Amarillo 2 - Tuscaloosa 2
TOP OF THE 4TH
Amarillo Archdukes batting - Pitching for Tuscaloosa Trout Slayers : RHP Fernando Rodríguez
Batting: RHB Norm Francis 0-0: Ball
1-0: Called Strike
1-1: Called Strike
1-2: SINGLE (Line Drive, 7LS)
Batting: LHB Edwin Ryan 0-0: Called Strike
0-1: Foul Ball, location: 2F
0-2: Strikes out swinging
Batting: RHB Roberto García 0-0: Ball
Norm Francis steals 2nd base
1-0: Called Strike
1-1: Ball
Wild Pitch!
Norm Francis to third
2-1: SINGLE (Groundball, 6MD)
Norm Francis scores
Batting: LHB Pedro Díaz Pickoff Throw to First - Out!
0-0: Called Strike
0-1: Ground out 4-3 (Groundball, 34D)
Top of the 4th over - 1 run(s), 2 hit(s), 0 error(s), 0 left on base; Amarillo 3 - Tuscaloosa 2
BOTTOM OF THE 4TH
Tuscaloosa Trout Slayers batting - Pitching for Amarillo Archdukes : RHP Raymond Gregg
Batting: RHB Jason Saunders 0-0: Ball
1-0: Ground out 5-3 (Groundball, 5)
Batting: RHB Dave Hall 0-0: Ball
1-0: Ball
2-0: Called Strike
2-1: Ground out 6-3 (Groundball, 6)
Batting: RHB José Ortega 0-0: SINGLE (Groundball, 56D)
Batting: RHB Claudio Gonzáles 0-0: Fielders Choice at 2nd, 6-4 (Groundball, 6)
Bottom of the 4th over - 0 run(s), 1 hit(s), 0 error(s), 0 left on base; Amarillo 3 - Tuscaloosa 2
TOP OF THE 5TH
Amarillo Archdukes batting - Pitching for Tuscaloosa Trout Slayers : RHP Fernando Rodríguez
Batting: RHB Herb Bunch 0-0: Called Strike
0-1: Called Strike
0-2: Ball
1-2: Ball
2-2: Ball
3-2: Strikes out looking
Batting: RHB José Ruíz 0-0: Ball
1-0: Ground out 4-3 (Groundball, 4)
Batting: LHB Jorge Martínez 0-0: Foul Ball, location: 2F
0-1: Foul Ball, location: 2F
0-2: Ground out 5-3 (Groundball, 56)
Top of the 5th over - 0 run(s), 0 hit(s), 0 error(s), 0 left on base; Amarillo 3 - Tuscaloosa 2
BOTTOM OF THE 5TH
Tuscaloosa Trout Slayers batting - Pitching for Amarillo Archdukes : RHP Raymond Gregg
Batting: RHB Lowie van den Bogaert 0-0: Reached on error, E6 (Groundball, 6M)
Batting: RHB Alfredo Díaz 0-0: Called Strike
0-1: Swinging Strike
0-2: Ball
1-2: Ball
2-2: Fly out, F2 (Popup, 3S)
Batting: LHB Marcos Villarreal 0-0: Swinging Strike
0-1: Called Strike
0-2: Foul Ball, location: 2F
0-2: Ball
1-2: Ball
Lowie van den Bogaert steals 2nd base
2-2: Foul Ball, location: 2F
2-2: Foul Ball, location: 2F
2-2: Ground out 4-3 (Groundball, 34)
Lowie van den Bogaert to third
Batting: LHB António Cedeño 0-0: Ball
1-0: Ground out 4-3 (Groundball, 34)
Bottom of the 5th over - 0 run(s), 0 hit(s), 1 error(s), 1 left on base; Amarillo 3 - Tuscaloosa 2
TOP OF THE 6TH
Amarillo Archdukes batting - Pitching for Tuscaloosa Trout Slayers : RHP Fernando Rodríguez
Batting: RHB Jorge Espinosa 0-0: Foul Ball, location: 2F
0-1: Foul Ball, location: 2F
0-2: Fly out, F8 (Flyball, 78M)
Batting: LHB Michael Cook 0-0: Ball
1-0: Ball
2-0: Foul Ball, location: 2F
2-1: Foul Ball, location: 2F
2-2: Foul Ball, location: 2F
2-2: Ground out 3-1 (Groundball, 34)
Batting: RHB Norm Francis 0-0: Ball
1-0: SINGLE (Line Drive, 7LM)
Batting: LHB Edwin Ryan 0-0: Swinging Strike
0-1: Swinging Strike
0-2: Strikes out swinging
Top of the 6th over - 0 run(s), 1 hit(s), 0 error(s), 1 left on base; Amarillo 3 - Tuscaloosa 2
BOTTOM OF THE 6TH
Tuscaloosa Trout Slayers batting - Pitching for Amarillo Archdukes : RHP Raymond Gregg
Batting: LHB Ed Hart 0-0: Ball
1-0: Ball
2-0: Ball
3-0: Called Strike
3-1: Base on Balls
Batting: RHB Jason Saunders 0-0: Swinging Strike
0-1: Ball
1-1: SINGLE (Line Drive, 6)
Ed Hart to second
Pitching: RHP Brian Hull
Batting: RHB Dave Hall 0-0: Ball
1-0: Swinging Strike
1-1: Ball
2-1: Foul Ball, location: 2F
2-2: Strikes out swinging
Batting: RHB José Ortega 0-0: Called Strike
0-1: Swinging Strike
0-2: Ball
1-2: Ball
2-2: Foul Ball, location: 2F
2-2: Strikes out swinging
Batting: RHB Claudio Gonzáles 0-0: Called Strike
0-1: Ball
1-1: Foul Ball, location: 2F
1-2: Strikes out looking
Bottom of the 6th over - 0 run(s), 1 hit(s), 0 error(s), 2 left on base; Amarillo 3 - Tuscaloosa 2
TOP OF THE 7TH
Amarillo Archdukes batting - Pitching for Tuscaloosa Trout Slayers : RHP Fernando Rodríguez
Batting: RHB Roberto García 0-0: Ball
1-0: Ball
2-0: Called Strike
2-1: Ball
3-1: Base on Balls
Batting: LHB Pedro Díaz 0-0: Called Strike
0-1: Ball
1-1: Ball
2-1: Swinging Strike
2-2: Strikes out swinging
Pinch Hitting: LHB Chris Pryor 0-0: Called Strike
0-1: Ball
1-1: Called Strike
1-2: Strikes out swinging
Batting: RHB José Ruíz 0-0: Called Strike
0-1: Ball
1-1: SINGLE (Groundball, 3D)
Roberto García to second
Runner from 2nd tries for 3rd, OUT!
Top of the 7th over - 0 run(s), 1 hit(s), 0 error(s), 1 left on base; Amarillo 3 - Tuscaloosa 2
BOTTOM OF THE 7TH
Tuscaloosa Trout Slayers batting - Pitching for Amarillo Archdukes : RHP Brian Hull
Now at 3B: Gil Watcham
Batting: RHB Lowie van den Bogaert 0-0: Ball
1-0: Ball
2-0: Ball
3-0: Called Strike
3-1: Base on Balls
Pinch Hitting: LHB Miguel Rosa 0-0: Ball
Lowie van den Bogaert steals 2nd base
1-0: Swinging Strike
1-1: Ball
2-1: Ball
3-1: Base on Balls
Pitching: LHP Charlie Conner
Pinch Hitting: RHB José Fernández 0-0: Called Strike
0-1: Ball
1-1: Called Strike
1-2: Ball
2-2: Ball
3-2: Grounds into double play, 5-4-3 (Groundball, 56)
Lowie van den Bogaert to third
Batting: LHB António Cedeño 0-0: Ball
1-0: Swinging Strike
1-1: Ball
2-1: SINGLE (Flyball, 8RS)
Lowie van den Bogaert scores
Pitching: RHP Tsugahara Suzuki
Batting: LHB Ed Hart 0-0: Foul Ball, location: 2F
0-1: Ground out 1-3 (Groundball, 13S)
Bottom of the 7th over - 1 run(s), 1 hit(s), 0 error(s), 1 left on base; Amarillo 3 - Tuscaloosa 3
TOP OF THE 8TH
Amarillo Archdukes batting - Pitching for Tuscaloosa Trout Slayers : RHP Fernando Rodríguez
Now in LF: Miguel Rosa
Batting: LHB Jorge Martínez 0-0: SINGLE (Groundball, 4MD)
Now in RF: Kurt Walter
Batting: RHB Jorge Espinosa 0-0: Sac Bunt - play at second, runner OUT! 1-6
Pitching: LHP Aaron Gibbs
Batting: LHB Michael Cook 0-0: Called Strike
0-1: Called Strike
0-2: Strikes out swinging
Batting: RHB Norm Francis 0-0: Ball
1-0: Ball
2-0: Swinging Strike
2-1: SINGLE (Groundball, 56S) (infield hit)
Jorge Espinosa to second
Batting: LHB Edwin Ryan 0-0: Ball
1-0: Called Strike
1-1: Called Strike
1-2: Strikes out looking
Top of the 8th over - 0 run(s), 2 hit(s), 0 error(s), 2 left on base; Amarillo 3 - Tuscaloosa 3
BOTTOM OF THE 8TH
Tuscaloosa Trout Slayers batting - Pitching for Amarillo Archdukes : RHP Tsugahara Suzuki
Batting: RHB Jason Saunders 0-0: Ball
1-0: Ball
2-0: Ball
3-0: Base on Balls
Batting: RHB Dave Hall 0-0: Ball
1-0: Bunted foul
1-1: Bunted foul
1-2: Strikes out swinging
Batting: RHB José Ortega 0-0: Ball
1-0: Foul Ball, location: 2F
1-1: Foul Ball, location: 2F
1-2: Strikes out looking
Batting: RHB Claudio Gonzáles 0-0: SINGLE (Flyball, 9LS)
Jason Saunders to second
Runner from 2nd tries for 3rd, SAFE, no throw
Batting: RHB Lowie van den Bogaert 0-0: Called Strike
0-1: Ball
1-1: Foul Ball, location: 2F
1-2: Foul Ball, location: 2F
1-2: SINGLE (Flyball, 89S)
Jason Saunders scores
Claudio Gonzáles to second
Throwing error, E9
Claudio Gonzáles scores
Lowie van den Bogaert to second
Batting: LHB Miguel Rosa 0-0: Called Strike
0-1: Swinging Strike
0-2: Ball
1-2: Ball
2-2: Foul Ball, location: 2F
2-2: Ball
3-2: Strikes out swinging
Bottom of the 8th over - 2 run(s), 2 hit(s), 1 error(s), 1 left on base; Amarillo 3 - Tuscaloosa 5
TOP OF THE 9TH
Amarillo Archdukes batting - Pitching for Tuscaloosa Trout Slayers : LHP Aaron Gibbs
Pitching: RHP Matt McGinnity
Batting: RHB Roberto García 0-0: Ball
1-0: SINGLE (Line Drive, 6M)
Batting: LHB Pedro Díaz 0-0: Called Strike
0-1: Ball
1-1: Ball
2-1: Called Strike
2-2: Foul Ball, location: 2F
2-2: Foul Ball, location: 2F
2-2: Ball
3-2: Foul Ball, location: 2F
3-2: Foul Ball, location: 2F
3-2: SINGLE (Line Drive, 34)
Roberto García to second
Batting: RHB Gil Watcham 0-0: Called Strike
0-1: Grounds into double play, 4-6-3 (Groundball, 4)
Roberto García to third
Batting: RHB José Ruíz 0-0: Ball
1-0: Called Strike
1-1: Foul Ball, location: 2F
1-2: Ball
2-2: Strikes out swinging
Top of the 9th over - 0 run(s), 2 hit(s), 0 error(s), 1 left on base; Amarillo 3 - Tuscaloosa 5
Thursday, March 30th, 2017 - OOTP Baseball 17.12 Build 75